TOP OF THE 1ST |
Havana Rollers batting - Pitching for Utica Unicorns : LHP David Taylor
|
Pitching: LHP David Taylor
|
|
Batting: RHB Jesús Villalobos
|
0-0: Ball 1-0: Fly out, F7 (Flyball, 7S)
|
Batting: RHB Francisco Rincón
|
0-0: Foul Ball, location: 2F 0-1: Ground out 4-3 (Groundball, 4)
|
Batting: RHB Brant Sherman
|
0-0: Ball 1-0: Called Strike 1-1: Called Strike 1-2: Foul Ball, location: 2F 1-2: Ground out U3 (Groundball, 3)
|
Top of the 1st over - 0 run(s), 0 hit(s), 0 error(s), 0 left on base; Havana 0 - Utica 0 |
BOTTOM OF THE 1ST |
Utica Unicorns batting - Pitching for Havana Rollers : RHP Chris Marshall
|
Pitching: RHP Chris Marshall
|
|
Batting: RHB Mitsuoki Taguchi
|
0-0: Called Strike 0-1: SINGLE (Groundball, 6MD)
|
Batting: RHB Franklin Shaw
|
0-0: Called Strike 0-1: Ball 1-1: Ball 2-1: Swinging Strike 2-2: Fly out, F8 (Flyball, 8LM)
|
Batting: LHB Sixto Cantú
|
0-0: Ball 1-0: Fly out, F5 (Popup, 5)
|
Batting: RHB Gerald Burnett
|
0-0: Called Strike 0-1: Ball 1-1: Ball 2-1: Foul Ball, location: 2F 2-2: Strikes out swinging
|
Bottom of the 1st over - 0 run(s), 1 hit(s), 0 error(s), 1 left on base; Havana 0 - Utica 0 |
TOP OF THE 2ND |
Havana Rollers batting - Pitching for Utica Unicorns : LHP David Taylor
|
Batting: SHB Pepe Piña
|
0-0: Ball 1-0: Ball 2-0: Ball 3-0: Base on Balls
|
Batting: LHB Juan Romero
|
0-0: Ball 1-0: Ball 2-0: Fielders Choice at 2nd, 4-6 (Groundball, 4)
|
Batting: SHB Yasuhiro Ikarashi
|
0-0: Ball 1-0: Swinging Strike 1-1: Foul Ball, location: 2F 1-2: Ball 2-2: Strikes out swinging
|
Batting: RHB León Rivera
|
0-0: Called Strike 0-1: Called Strike 0-2: Ball 1-2: Ball 2-2: Strikes out swinging
|
Top of the 2nd over - 0 run(s), 0 hit(s), 0 error(s), 1 left on base; Havana 0 - Utica 0 |
BOTTOM OF THE 2ND |
Utica Unicorns batting - Pitching for Havana Rollers : RHP Chris Marshall
|
Batting: LHB Pedro Zaragoza
|
0-0: Foul Ball, location: 2F 0-1: Foul Ball, location: 2F 0-2: SINGLE (Groundball, 34D)
|
Batting: LHB Tony O'Bryan
|
0-0: Ball 1-0: Fly out, F9 (Line Drive, 9)
|
Batting: LHB Mitchell Oglethorpe
|
0-0: Called Strike 0-1: Ball 1-1: Called Strike 1-2: Ball 2-2: Foul Ball, location: 2F 2-2: SINGLE (Flyball, 7S) Pedro Zaragoza to second
|
Batting: LHB Bill Hall
|
0-0: Grounds into double play, 4-6-3 (Groundball, 4)
|
Bottom of the 2nd over - 0 run(s), 2 hit(s), 0 error(s), 1 left on base; Havana 0 - Utica 0 |
TOP OF THE 3RD |
Havana Rollers batting - Pitching for Utica Unicorns : LHP David Taylor
|
Batting: LHB Zhi-huan Loong
|
0-0: Swinging Strike 0-1: Ball 1-1: Ball 2-1: Called Strike 2-2: Fly out, F7 (Flyball, 7S)
|
Batting: LHB José Torres
|
0-0: Ball 1-0: Foul Ball, location: 2F 1-1: Ground out 4-3 (Groundball, 4)
|
Batting: RHB Jesús Villalobos
|
0-0: Called Strike 0-1: Ball 1-1: Fly out, F3 (Line Drive, 34)
|
Top of the 3rd over - 0 run(s), 0 hit(s), 0 error(s), 0 left on base; Havana 0 - Utica 0 |
BOTTOM OF THE 3RD |
Utica Unicorns batting - Pitching for Havana Rollers : RHP Chris Marshall
|
Batting: RHB Gustavo Rodríguez
|
0-0: Called Strike 0-1: Ball 1-1: Ground out 5-3 (Groundball, 56)
|
Batting: RHB Mitsuoki Taguchi
|
0-0: Ball 1-0: Swinging Strike 1-1: SINGLE (Line Drive, 9S)
|
Batting: RHB Franklin Shaw
|
0-0: Ball 1-0: Foul Ball, location: 2F 1-1: Foul Ball, location: 2F 1-2: Strikes out swinging
|
Batting: LHB Sixto Cantú
|
0-0: Ball 1-0: Called Strike 1-1: Called Strike 1-2: Ball 2-2: Foul Ball, location: 2F 2-2: Ball 3-2: SINGLE (Groundball, 6MD) Mitsuoki Taguchi to second Mitsuoki Taguchi to third
|
Batting: RHB Gerald Burnett
|
0-0: Foul Ball, location: 2F 0-1: Ball 1-1: Ball 2-1: Fielders Choice at 2nd, 6-4 (Groundball, 6)
|
Bottom of the 3rd over - 0 run(s), 2 hit(s), 0 error(s), 1 left on base; Havana 0 - Utica 0 |
TOP OF THE 4TH |
Havana Rollers batting - Pitching for Utica Unicorns : LHP David Taylor
|
Batting: RHB Francisco Rincón
|
0-0: Called Strike 0-1: DOUBLE (Groundball, 3L)
|
Batting: RHB Brant Sherman
|
0-0: Swinging Strike 0-1: Swinging Strike 0-2: Strikes out looking
|
Batting: SHB Pepe Piña
|
0-0: Ball 1-0: Foul Ball, location: 2F 1-1: Fly out, F4 (Line Drive, 4MD)
|
Batting: LHB Juan Romero
|
0-0: Ball 1-0: Ball 2-0: Fly out, F9 (Flyball, 9S)
|
Top of the 4th over - 0 run(s), 1 hit(s), 0 error(s), 1 left on base; Havana 0 - Utica 0 |
BOTTOM OF THE 4TH |
Utica Unicorns batting - Pitching for Havana Rollers : RHP Chris Marshall
|
Batting: LHB Pedro Zaragoza
|
0-0: Fly out, F8 (Flyball, 8LS)
|
Batting: LHB Tony O'Bryan
|
0-0: Called Strike 0-1: Swinging Strike 0-2: Ball 1-2: Ball 2-2: Ball 3-2: Base on Balls
|
Batting: LHB Mitchell Oglethorpe
|
0-0: Grounds into double play, 4-6-3 (Groundball, 34)
|
Bottom of the 4th over - 0 run(s), 0 hit(s), 0 error(s), 0 left on base; Havana 0 - Utica 0 |
TOP OF THE 5TH |
Havana Rollers batting - Pitching for Utica Unicorns : LHP David Taylor
|
Batting: SHB Yasuhiro Ikarashi
|
0-0: Ball 1-0: Called Strike 1-1: Ball 2-1: Called Strike 2-2: Fly out, F3 (Line Drive, 34S)
|
Batting: RHB León Rivera
|
0-0: Called Strike 0-1: Foul Ball, location: 2F 0-2: Ball 1-2: Ball 2-2: Ball 3-2: SINGLE (Groundball, 5L) (infield hit)
|
Batting: LHB Zhi-huan Loong
|
0-0: Ball 1-0: Ball 2-0: 2-RUN HOME RUN (Line Drive, 9D), Distance : 374 ft
|
Batting: LHB José Torres
|
0-0: Swinging Strike 0-1: Ball 1-1: SINGLE (Line Drive, 3)
|
Batting: RHB Jesús Villalobos
|
0-0: Fly out, F7 (Flyball, 7S)
|
Batting: RHB Francisco Rincón
|
0-0: Called Strike 0-1: Ball 1-1: SINGLE (Groundball, 34D) José Torres to second Runner from 2nd tries for 3rd, SAFE, throw made to third
|
Batting: RHB Brant Sherman
|
0-0: Fly out, F9 (Flyball, 9S)
|
Top of the 5th over - 2 run(s), 4 hit(s), 0 error(s), 2 left on base; Havana 2 - Utica 0 |
BOTTOM OF THE 5TH |
Utica Unicorns batting - Pitching for Havana Rollers : RHP Chris Marshall
|
Batting: LHB Bill Hall
|
0-0: Ball 1-0: Ball 2-0: Ball 3-0: Called Strike 3-1: SOLO HOME RUN (Flyball, 9LD), Distance : 363 ft
|
Batting: RHB Gustavo Rodríguez
|
0-0: Foul Ball, location: 2F 0-1: Ball 1-1: Swinging Strike 1-2: SOLO HOME RUN (Flyball, 7LD), Distance : 351 ft
|
Batting: RHB Mitsuoki Taguchi
|
0-0: Called Strike 0-1: SINGLE (Groundball, 23) (infield hit)
|
Batting: RHB Franklin Shaw
|
0-0: Called Strike 0-1: Ball 1-1: Ball 2-1: Foul Ball, location: 2F 2-2: Grounds into double play, 6-4-3 (Groundball, 6)
|
Batting: LHB Sixto Cantú
|
0-0: Ball 1-0: Called Strike 1-1: Fly out, F8 (Flyball, 8LM)
|
Bottom of the 5th over - 2 run(s), 3 hit(s), 0 error(s), 0 left on base; Havana 2 - Utica 2 |
TOP OF THE 6TH |
Havana Rollers batting - Pitching for Utica Unicorns : LHP David Taylor
|
Batting: SHB Pepe Piña
|
0-0: Ball 1-0: Ball 2-0: Called Strike 2-1: Foul Ball, location: 2F 2-2: Fly out, F8 (Flyball, 8LS)
|
Batting: LHB Juan Romero
|
0-0: Ground out 3-1 (Groundball, 34S)
|
Batting: SHB Yasuhiro Ikarashi
|
0-0: Ball 1-0: DOUBLE (Line Drive, 89D)
|
Batting: RHB León Rivera
|
0-0: Called Strike 0-1: Foul Ball, location: 2F 0-2: Ball 1-2: Ball 2-2: Foul Ball, location: 2F 2-2: Strikes out swinging
|
Top of the 6th over - 0 run(s), 1 hit(s), 0 error(s), 1 left on base; Havana 2 - Utica 2 |
BOTTOM OF THE 6TH |
Utica Unicorns batting - Pitching for Havana Rollers : RHP Chris Marshall
|
Batting: RHB Gerald Burnett
|
0-0: Called Strike 0-1: Ball 1-1: Swinging Strike 1-2: Strikes out swinging
|
Batting: LHB Pedro Zaragoza
|
0-0: SINGLE (Groundball, 4MD)
|
Batting: LHB Tony O'Bryan
|
0-0: Fly out, F8 (Line Drive, 8RD)
|
Batting: LHB Mitchell Oglethorpe
|
0-0: Ball 1-0: Ball 2-0: Called Strike 2-1: Called Strike 2-2: Ball 3-2: Ground out 4-3 (Groundball, 34)
|
Bottom of the 6th over - 0 run(s), 1 hit(s), 0 error(s), 1 left on base; Havana 2 - Utica 2 |
TOP OF THE 7TH |
Havana Rollers batting - Pitching for Utica Unicorns : LHP David Taylor
|
Pinch Hitting: RHB Paul Bailey
|
0-0: SINGLE (Groundball, 4D)
|
Batting: LHB José Torres
|
0-0: Ball 1-0: Sac Bunt - play at first, batter OUT! U3 Paul Bailey to second
|
Pinch Hitting: RHB Soshu Nakamura
|
0-0: Intentional Walk
|
Batting: RHB Francisco Rincón
|
0-0: Ball 1-0: Called Strike 1-1: Ball 2-1: Ball 3-1: Swinging Strike 3-2: Grounds into double play, 6-4-3 (Groundball, 6)
|
Top of the 7th over - 0 run(s), 1 hit(s), 0 error(s), 1 left on base; Havana 2 - Utica 2 |
BOTTOM OF THE 7TH |
Utica Unicorns batting - Pitching for Havana Rollers : RHP Chris Marshall
|
Now at 2B: Soshu Nakamura
|
|
Now in LF: Paul Bailey
|
|
Batting: LHB Bill Hall
|
0-0: Called Strike 0-1: SINGLE (Line Drive, 78S)
|
Pinch Hitting: RHB Danny Crouch
|
0-0: Foul Ball, location: 2F 0-1: Ball 1-1: Ball 2-1: Ball 3-1: Base on Balls Bill Hall to second
|
Batting: RHB Mitsuoki Taguchi
|
0-0: Foul Ball, location: 2F 0-1: Ball 1-1: Ball 2-1: Sac Bunt - play at first, batter OUT! 1-3 Bill Hall to third Danny Crouch to second
|
Batting: RHB Franklin Shaw
|
0-0: Ball 1-0: Ball 2-0: Called Strike 2-1: Called Strike 2-2: Ball 3-2: Foul Ball, location: 2F 3-2: Ground out U3 (Groundball, 34S)
|
Pitching: RHP Augusto Muñíz
|
|
Batting: LHB Sixto Cantú
|
0-0: Ball 1-0: Swinging Strike 1-1: Ball 2-1: Ground out 4-3 (Groundball, 4)
|
Bottom of the 7th over - 0 run(s), 1 hit(s), 0 error(s), 2 left on base; Havana 2 - Utica 2 |
TOP OF THE 8TH |
Havana Rollers batting - Pitching for Utica Unicorns : LHP David Taylor
|
Pitching: RHP Patrick Doyle
|
|
Now at 3B: Danny Crouch
|
|
Batting: RHB Brant Sherman
|
0-0: Called Strike 0-1: Ground out U3 (Groundball, 34)
|
Batting: SHB Pepe Piña
|
0-0: Called Strike 0-1: Ball 1-1: Ground out U3 (Groundball, 34)
|
Pitching: LHP Javier Luna
|
|
Pinch Hitting: RHB Yaichiro Sugahara
|
0-0: Called Strike 0-1: Ground out 4-3 (Groundball, 34)
|
Top of the 8th over - 0 run(s), 0 hit(s), 0 error(s), 0 left on base; Havana 2 - Utica 2 |
BOTTOM OF THE 8TH |
Utica Unicorns batting - Pitching for Havana Rollers : RHP Augusto Muñíz
|
Now at SS: Chad Case
|
|
Batting: RHB Gerald Burnett
|
0-0: Foul Ball, location: 2F 0-1: Ball 1-1: Foul Ball, location: 2F 1-2: Ball 2-2: Ground out 1-3 (Groundball, P)
|
Batting: LHB Pedro Zaragoza
|
0-0: Called Strike 0-1: Swinging Strike 0-2: Ball 1-2: Fly out, F8 (Flyball, 8LD)
|
Batting: LHB Tony O'Bryan
|
0-0: Ball 1-0: Ball 2-0: DOUBLE (Line Drive, 8RD)
|
Batting: LHB Mitchell Oglethorpe
|
0-0: Called Strike 0-1: Ball 1-1: Swinging Strike 1-2: Strikes out swinging
|
Bottom of the 8th over - 0 run(s), 1 hit(s), 0 error(s), 1 left on base; Havana 2 - Utica 2 |
TOP OF THE 9TH |
Havana Rollers batting - Pitching for Utica Unicorns : LHP Javier Luna
|
Pitching: RHP Claudio Rivera
|
|
Batting: SHB Yasuhiro Ikarashi
|
0-0: Ball 1-0: Ball 2-0: Fly out, F8 (Flyball, 8LD)
|
Pinch Hitting: RHB Brian Jackson
|
0-0: Foul Ball, location: 2F 0-1: Swinging Strike 0-2: Strikes out looking
|
Batting: RHB Paul Bailey
|
0-0: Called Strike 0-1: Swinging Strike 0-2: Ground out 4-3 (Groundball, 4)
|
Top of the 9th over - 0 run(s), 0 hit(s), 0 error(s), 0 left on base; Havana 2 - Utica 2 |
BOTTOM OF THE 9TH |
Utica Unicorns batting - Pitching for Havana Rollers : RHP Augusto Muñíz
|
Now at 1B: Brian Jackson
|
|
Batting: LHB Bill Hall
|
0-0: Ball 1-0: Ball 2-0: Ball 3-0: Base on Balls
|
Batting: RHB Danny Crouch
|
0-0: Ball 1-0: Swinging Strike 1-1: SINGLE (Groundball, 6MD) Bill Hall to second
|
Pitching: RHP Brad Sharpe
|
|
Batting: RHB Mitsuoki Taguchi
|
0-0: Called Strike 0-1: Ball 1-1: Grounds into DOUBLE play, U5-4-3 1-1: Grounds into DOUBLE play, U5-4-3 (Groundball, 5L)
|
Batting: RHB Franklin Shaw
|
0-0: Called Strike 0-1: Ball Mitsuoki Taguchi steals 2nd base 1-1: Ball 2-1: Foul Ball, location: 2F 2-2: Foul Ball, location: 2F 2-2: Foul Ball, location: 2F 2-2: Ground out 6-3 (Groundball, 6)
|
Bottom of the 9th over - 0 run(s), 1 hit(s), 0 error(s), 1 left on base; Havana 2 - Utica 2 |
TOP OF THE 10TH |
Havana Rollers batting - Pitching for Utica Unicorns : RHP Claudio Rivera
|
Pinch Hitting: LHB Jimmy Husted
|
0-0: Ball 1-0: Ball 2-0: Ball 3-0: Base on Balls
|
Batting: RHB Soshu Nakamura
|
0-0: Swinging Strike 0-1: Called Strike 0-2: Ball 1-2: Ball 2-2: Ball 3-2: Foul Ball, location: 2F 3-2: Foul Ball, location: 2F 3-2: Strikes out swinging
|
Pinch Hitting: LHB Enrique Cortéz
|
0-0: Ball 1-0: Called Strike 1-1: Ball 2-1: Foul Ball, location: 2F 2-2: Foul Ball, location: 2F 2-2: SINGLE (Line Drive, 4MD) Jimmy Husted to second
|
Batting: RHB Brant Sherman
|
0-0: Called Strike 0-1: Foul Ball, location: 2F 0-2: Strikes out swinging
|
Batting: SHB Pepe Piña
|
0-0: Ball 1-0: Foul Ball, location: 2F 1-1: Called Strike 1-2: Ball 2-2: Strikes out swinging
|
Top of the 10th over - 0 run(s), 1 hit(s), 0 error(s), 2 left on base; Havana 2 - Utica 2 |
BOTTOM OF THE 10TH |
Utica Unicorns batting - Pitching for Havana Rollers : RHP Brad Sharpe
|
Now at 3B: Mitsuharu Matsumoto
|
|
Now in RF: Enrique Cortéz
|
|
Batting: LHB Sixto Cantú
|
0-0: Foul Ball, location: 2F 0-1: Foul Ball, location: 2F 0-2: Ball 1-2: Ball 2-2: Ground out 4-3 (Groundball, 4)
|
Batting: RHB Gerald Burnett
|
0-0: Ball 1-0: Foul Ball, location: 2F 1-1: Ground out 5-3 (Groundball, 56)
|
Batting: LHB Pedro Zaragoza
|
0-0: Called Strike 0-1: Foul Ball, location: 2F 0-2: Strikes out swinging
|
Bottom of the 10th over - 0 run(s), 0 hit(s), 0 error(s), 0 left on base; Havana 2 - Utica 2 |
TOP OF THE 11TH |
Havana Rollers batting - Pitching for Utica Unicorns : RHP Claudio Rivera
|
Batting: RHB Chad Case
|
0-0: Ball 1-0: Ball 2-0: Ball 3-0: Foul Ball, location: 2F 3-1: Swinging Strike 3-2: DOUBLE (Flyball, 89D)
|
Batting: SHB Yasuhiro Ikarashi
|
0-0: Foul Ball, location: 2F 0-1: Ball 1-1: Foul Ball, location: 2F 1-2: Fly out, F8 (Line Drive, 8LM)
|
Batting: RHB Brian Jackson
|
0-0: Called Strike 0-1: Ball 1-1: Ground out 6-3 (Groundball, 6)
|
Batting: RHB Paul Bailey
|
0-0: Ball 1-0: Ball 2-0: Ball 3-0: Base on Balls
|
Pitching: RHP Mario González
|
|
Batting: RHB Mitsuharu Matsumoto
|
0-0: Called Strike 0-1: Foul Ball, location: 2F 0-2: Ball 1-2: Foul Ball, location: 2F 1-2: Foul Ball, location: 2F 1-2: Ball 2-2: Ball 3-2: Foul Ball, location: 2F 3-2: Ground out 6-3 (Groundball, 56)
|
Top of the 11th over - 0 run(s), 1 hit(s), 0 error(s), 2 left on base; Havana 2 - Utica 2 |
BOTTOM OF THE 11TH |
Utica Unicorns batting - Pitching for Havana Rollers : RHP Brad Sharpe
|
Batting: LHB Tony O'Bryan
|
0-0: Ball 1-0: Fly out, F8 (Flyball, 8RS)
|
Batting: LHB Mitchell Oglethorpe
|
0-0: Ball 1-0: Ball 2-0: Called Strike 2-1: Called Strike 2-2: Foul Ball, location: 2F 2-2: DOUBLE (Groundball, 3L)
|
Batting: LHB Bill Hall
|
0-0: Ball 1-0: Ball 2-0: Swinging Strike 2-1: Called Strike 2-2: Foul Ball, location: 2F 2-2: Strikes out swinging
|
Batting: RHB Danny Crouch
|
0-0: Called Strike 0-1: Ground out 5-3 (Groundball, 5)
|
Bottom of the 11th over - 0 run(s), 1 hit(s), 0 error(s), 1 left on base; Havana 2 - Utica 2 |
TOP OF THE 12TH |
Havana Rollers batting - Pitching for Utica Unicorns : RHP Mario González
|
Pitching: RHP Juan Reyes
|
|
Batting: RHB Soshu Nakamura
|
0-0: Called Strike 0-1: Ball 1-1: SINGLE (Line Drive, 78M)
|
Batting: LHB Enrique Cortéz
|
0-0: Fielders Choice at 2nd, 4-6 (Groundball, 4)
|
Batting: RHB Brant Sherman
|
0-0: Ball 1-0: Ball 2-0: Ball 3-0: Called Strike 3-1: Base on Balls Enrique Cortéz to second
|
Batting: SHB Pepe Piña
|
0-0: Fly out, F9 (Line Drive, 89M)
|
Batting: RHB Chad Case
|
0-0: Ball 1-0: Ball 2-0: Fly out, F7 (Flyball, 78M)
|
Top of the 12th over - 0 run(s), 1 hit(s), 0 error(s), 2 left on base; Havana 2 - Utica 2 |
BOTTOM OF THE 12TH |
Utica Unicorns batting - Pitching for Havana Rollers : RHP Brad Sharpe
|
Batting: RHB Mitsuoki Taguchi
|
0-0: Called Strike 0-1: Ball 1-1: Ball 2-1: Called Strike 2-2: Ball 3-2: Ground out 4-3 (Groundball, 4)
|
Batting: RHB Franklin Shaw
|
0-0: Called Strike 0-1: Ball 1-1: Ball 2-1: Called Strike 2-2: DOUBLE (Line Drive, 7LM)
|
Batting: LHB Sixto Cantú
|
0-0: Ball 1-0: 2-RUN HOME RUN (Flyball, 9D), Distance : 371 ft
|
Tuesday, August 8th, 2017 - OOTP Baseball 17.12 Build 75
|
|